 Dungeon Crawl Stone Soup version 0.31-a0-105-gc0b45f0da6 (webtiles) character file.

Game seed: 5628227943493157828

225176 Querens the Sorcerer (level 18, -12/76 HPs)
             Began as a Deep Elf Conjurer on May 27, 2023.
             Was the Champion of Vehumet.
             Mangled by a rockslime (37 damage)
             ... on level 1 of the Pits of Slime.
             The game lasted 02:47:38 (20429 turns).

Querens the Sorcerer (Deep Elf Conjurer)           Turns: 20429, Time: 02:47:38

Health: -12/76     AC: -4    Str:  4    XL:     18   Next: 17%
Magic:  33/57      EV: 11    Int: 40    God:    Vehumet [******]
Gold:   4935       SH:  5    Dex: 13    Spells: 17/65 levels left

rFire   + + .        d - +9 lance "Wyrmbane" {slay drac, rPois rF+ rC+ AC+3}
rCold   + . .        (no shield)
rNeg    + . .        R - +4 troll leather armour
rPois   +            p - +0 helmet
rElec   +            a - scarf {rC+ rF+}
rCorr   +            X - +2 pair of gloves "Sogaez" {Stlth+}
SInv    .            k - +0 pair of boots
Will    +....        W - amulet "Ybbyleg" {Reflect Rampage rElec rC- rCorr Int+2 SH+5}
Stlth   +++          D - +6 ring of intelligence
HPRegen 1.12/turn    Z - ring "Xiargh" {rN+ MP+9}
MPRegen 0.35/turn

%: reflection, rampage
@: corroded, unable to drink
A: frail 1, inability to drink after injury 1
}: 2/15 runes: decaying, gossamer
a: Renounce Religion


You were on level 1 of the Pits of Slime.
You worshipped Vehumet.
Vehumet was exalted by your worship.
You visited 6 branches of the dungeon, and saw 27 of its levels.
You also visited: Sewer.

You collected 6460 gold pieces.
You spent 1525 gold pieces at shops.

Inventory:

Hand Weapons
 d - the +9 lance "Wyrmbane" (weapon) {slay drac, rPois rF+ rC+ AC+3}
   (You bought it in a shop on level 5 of the Dungeon)

   AC:        It affects your AC (+3).
   rF:        It protects you from fire.
   rC:        It protects you from cold.
   rPois:     It protects you from poison.
 n - the +7 mace of Archaduse {freeze, rPois Str+3}
   (You found it on level 3 of the Dungeon)

   Str:       It affects your strength (+3).
   rPois:     It protects you from poison.
Armour
 a - a scarf of resistance (worn)
 k - a +0 pair of boots (worn)
 p - a +0 helmet (worn)
 u - a scarf of invisibility
 w - a +0 buckler
 E - the +0 ring mail "Naqaen Luttu" {+Inv rElec Str+2 Dex-2}
   (You took it off an orc on level 6 of the Dungeon)

   Str:       It affects your strength (+2).
   Dex:       It affects your dexterity (-2).
   rElec:     It insulates you from electricity.
   +Inv:      It lets you turn invisible.
 F - a -1 hat of see invisible
 J - the scarf of Bohealud {repulsion, rF+ Stlth+}
   (You acquired it on level 1 of the Lair of Beasts)

   rF:        It protects you from fire.
   Stlth:     It makes you more stealthy.
 L - the +1 ring mail of Going Fast {rC+ Int+4}
   (You found it on level 8 of the Dungeon)

   Int:       It affects your intelligence (+4).
   rC:        It protects you from cold.
 R - a +4 troll leather armour (worn)
 T - a +2 robe of fire resistance
 X - the +2 pair of gloves "Sogaez" (worn) {Stlth+}
   (You found it on level 4 of the Spider Nest)

   Stlth:     It makes you more stealthy.
Magical Staves
 g - the staff of conjuration "Hulloir" {Str+4}
   (You acquired it on level 6 of the Dungeon)

   [staff of conjuration]

   Base accuracy: +5 Base damage: 5 Base attack delay: 1.2 This weapon's minimum
   attack delay (0.6) is reached at skill level 12.
   Str:       It affects your strength (+4).
   It falls into the 'Staves' category.
   It is a one-handed weapon.
Jewellery
 f - an amulet of regeneration
 i - a ring of fire
 D - a +6 ring of intelligence (left hand)
 H - a ring of flight
 M - the ring of Tagenk {rC+ Will+ Int+3}
   (You found it on level 4 of the Swamp)

   [ring of willpower]

   Int:       It affects your intelligence (+3).
   rC:        It protects you from cold.
   Will:      It increases your willpower.
 S - a ring of protection from fire
 W - the amulet "Ybbyleg" (around neck) {Reflect Rampage rElec rC- rCorr Int+2 SH+5}
   (You acquired it on level 1 of the Lair of Beasts)

   [amulet of reflection]

   It reflects blocked missile attacks.
   Int:       It affects your intelligence (+2).
   rC:        It makes you vulnerable to cold.
   rElec:     It insulates you from electricity.
   rCorr:     It protects you from acid and corrosion.
   SH:        It affects your SH (+5).
   Rampage:   It bestows one free step when moving towards enemies.
 Z - the ring "Xiargh" (right hand) {rN+ MP+9}
   (You acquired it on level 1 of the Lair of Beasts)

   [ring of magical power]

   rN:        It protects you from negative energy.
   MP:        It affects your magic capacity (+9).
Wands
 C - a wand of paralysis (17)
 U - a wand of light (14)
 V - a wand of iceblast (37)
 Y - a wand of mindburst (26)
Scrolls
 c - 2 scrolls of fear
 e - 4 scrolls of enchant weapon
 h - 6 scrolls of blinking
 l - 4 scrolls of teleportation
 r - 2 scrolls of magic mapping
 v - 2 scrolls of fog
 x - 2 scrolls of immolation
 y - 3 scrolls of butterflies
 B - 5 scrolls of poison
 G - 10 scrolls of identify
 I - a scroll of silence
 K - 5 scrolls of amnesia
Potions
 b - 4 potions of magic
 j - 4 potions of curing
 m - 4 potions of ambrosia
 o - 3 potions of haste
 q - 5 potions of heal wounds
 s - 3 potions of mutation
 t - 3 potions of brilliance
 z - 7 potions of attraction
 A - 5 potions of enlightenment
 N - a potion of resistance
 O - 5 potions of lignification
 P - 2 potions of might


   Skills:
 - Level 2.4 Dodging
 - Level 2.4 Stealth
 + Level 24.3 Spellcasting
 + Level 20.9 Conjurations
 - Level 10.0 Translocations
 + Level 19.2 Fire Magic
 - Level 3.9 Earth Magic


You had 17 spell levels left.
You knew the following spells:

 Your Spells              Type           Power      Damage    Failure   Level
a - Magic Dart            Conj           100%       1d8       0%          1
b - Searing Ray           Conj           100%       2d8       0%          2
c - Iskenderun's Mystic   Conj/Tloc      99%        2d19      1%          4
d - Mephitic Cloud        Conj/Pois/Air  64%        N/A       1%          3
e - Fulminant Prism       Conj/Hex       41%        3d19      1%          4
f - Lehudib's Crystal Sp  Conj/Erth      44%        10d11     24%         8
g - Fireball              Conj/Fire      55%        3d21      0%          5
h - Fire Storm            Conj/Fire      55%        8d14      17%         9
i - Starburst             Conj/Fire      55%        6d15      1%          6
j - Plasma Beam           Fire/Air       39%        2x1d58    2%          6

Your spell library contained the following spells:

 Spells                   Type           Power      Damage    Failure   Level
 Maxwell's Capacitive Co  Air            24%        ∞         100%        8
 Chain Lightning          Conj/Air       41%        3d55      100%        9
 Polar Vortex             Ice            24%        N/A       100%        9
 Scorch                   Fire           100%       2d9       0%          2
 Volatile Blastmotes      Fire/Tloc      100%       2d18      0%          3
 Flame Wave               Conj/Fire      100%       2d21      0%          4
 Necrotise                Necr           100%       1d9       1%          1
 Sandblast                Erth           100%       2d20      1%          1
 Call Imp                 Summ           96%        N/A       1%          2
 Passwall                 Tmut/Erth      33%        N/A       1%          2
 Dazzling Flash           Conj/Hex       100%       N/A       1%          3
 Inner Flame              Hex/Fire       79%        N/A       1%          3
 Stone Arrow              Conj/Erth      100%       3d13      1%          3
 Manifold Assault         Tloc           91%        N/A       1%          4
 Passage of Golubria      Tloc           91%        N/A       1%          4
 Lee's Rapid Deconstruct  Erth           34%        3d17*     1%          5
 Dispersal                Tloc           45%        N/A       1%          6
 Leda's Unmaking          Conj/Erth      44%        9d8       1%          6
 Ignition                 Fire           58%        3d16      1%          8
 Confusing Touch          Hex            48%        N/A       2%          3
 Vampiric Draining        Necr           48%        2d9       2%          3
 Leda's Liquefaction      Hex/Erth       20%        N/A       11%         4
 Petrify                  Tmut/Erth      40%        N/A       11%         4
 Yara's Violent Unravell  Hex/Tmut       12%        3d7       17%         5
 Agony                    Necr           48%        N/A       21%         5
 Silence                  Hex/Air        12%        N/A       56%         5
 Summon Mana Viper        Hex/Summ       24%        N/A       56%         5
 Disjunction              Tloc           45%        N/A       63%         8
 Summon Cactus Giant      Summ           24%        N/A       75%         6
 Statue Form              Tmut/Erth      26%        N/A       86%         6
 Dragon Form              Tmut           24%        N/A       99%         7
 Enfeeble                 Hex            24%        N/A       99%         7
 Storm Form               Tmut/Air       12%        N/A       100%        7


Dungeon Overview and Level Annotations

Branches:
Dungeon (10/15)            Temple (0/1) D:7            Lair (5/5) D:10
  Swamp (4/4) Lair:2       Spider (4/4) Lair:3        Slime (2/5) Lair:4
    Orc (2/2) D:9             Elf (0/3) Orc:2         Sewer (visited)

Altars:
Ashenzari
Cheibriados
Elyvilon
Hepliaklqana
Kikubaaqudgha
Qazlal
Ru
Trog
Uskayaw
Vehumet
Xom
Zin
The Shining One

Shops:
D:5 **   Orc:2 (?[*

Annotations:
Spider:3 1 runed translucent door, Vyivi's ghost, adept MiBe


Innate Abilities, Weirdness & Mutations

You are frail. (-10% HP)
You occasionally lose the ability to drink potions when taking damage.


Message History

Unknown command.
Press: ? - help, v - describe, . - travel
Here: a rockslime (lightly wounded)
The floor.
Unknown command.
Okay, then.
Unknown command.
Casting: Starburst (safe; 1% risk of failure)
Confirm with . or Enter, or press ? or * to list all spells.
The spell is extremely dangerous to miscast (17% risk of failure)!
Continue anyway?
Aiming: Fire Storm (extremely dangerous; 17% risk of failure)
Press: ? - help, Dir - move target A raging storm of fire appears!
The great blast of fire engulfs the rockslime!!!
The rockslime partially resists.
The rockslime is almost dead.
The great blast of fire engulfs the slime creature!!!
You kill the slime creature!
Vehumet accepts your kill.
You feel your power returning.
Unknown command.
Casting: Fire Storm (extremely dangerous; 17% risk of failure)
Confirm with . or Enter, or press ? or * to list all spells.
Casting: Starburst (safe; 1% risk of failure)
Press: ? - help, Dir - look around, f - activate The bolt of fire hits the rockslime!
The rockslime resists.
The rockslime is almost dead.
The bolt of fire misses your fire vortex.
The bolt of fire hits the eye of devastation!!!
The eye of devastation is severely wounded.
The bolt of fire hits your fire vortex.
Your fire vortex completely resists.
The rockslime hits you!!
You stumble backwards!
Acid dripping from the walls corrodes you.
The eye of devastation is engulfed in blazing flames.
You kill the eye of devastation!
Vehumet accepts your kill.
You feel your power returning. The rockslime hits you!!!
You feel threatened and lose the ability to drink potions!
You die...

.................
##
......○○☼○.......
##.
.....☼v○☼☼....J..
#..
.....○v○#.###....
##. .....○#°○○.#
.## #..
#...○○○○○# ##.
##....v..## #..
#......J..# ##.
##.###.@.## ##..
##### #... ##..
##. ###.. ##....
#..... ##.### ###


You could see a rockslime and 3 friendly fire vortices.

Vanquished Creatures
  Mara (Spider:3)
  the Lernaean hydra (Swamp:4)
  A tentacled monstrosity (Swamp:2)
  Mlioglotl (Spider:1)
  2 acid blobs
  The ghost of Wiabeg the Alchemist, an adept OpTm of Gozag (Swamp:4)
  3 azure jellies
  3 fenstrider witches
  A rockslime (Slime:1)
  5 emperor scorpions
  7 ghost moths
  2 quicksilver oozes
  3 broodmothers
  3 eleionomae (Swamp:4)
  2 bunyips (Swamp:1)
  4 spark wasps
  A spectral fenstrider witch (Swamp:4)
  2 entropy weavers
  17 hydras
  A spriggan air mage (Swamp:4)
  Fannar (Lair:2)
  2 ogre magi (Orc:2)
  9 two-headed ogres
  A centaur warrior (D:8)
  2 jorogumos
  6 radroaches
  A boulder beetle (Spider:3)
  A ghost crab (Swamp:3)
  7 death scarabs (Spider:4)
  5 alligators
  Urug (D:10)
  7 death yaks (Lair:5)
  A tengu warrior (D:8)
  A spectral emperor scorpion (Spider:4)
  Amaemon (Lair:3)
  2 skysharks (Lair:4)
  A sun moth (Spider:4)
  9 pharaoh ants
  5 spriggan druids
  2 deep trolls (Orc:2)
  2 bog bodies
  2 goliath frogs
  8 orb spiders
  7 steelbarb worms
  12 swamp dragons
  2 fenstrider witch simulacra (Swamp:4)
  A broodmother zombie (Spider:4)
  A wolf spider zombie (Spider:4)
  2 orc knights
  2 shining eyes
  An ugly thing (D:7)
  2 orc sorcerers
  2 will-o-the-wisps
  28 wolf spiders
  2 spectral spriggans (Swamp:4)
  4 cyclopes
  A black mamba (Lair:5)
  18 elephants
  6 demonic crawlers
  2 moths of wrath
  7 torpor snails
  An eye of devastation (Slime:1)
  A gargoyle (D:10)
  8 cane toads
  An orange demon (Lair:3)
  Maggie (Lair:1)
  4 rime drakes
  A kobold demonologist (D:6)
  4 spectral redbacks (Spider:4)
  6 komodo dragons
  3 spectral death drakes (Swamp:4)
  14 trolls
  10 polar bears
  A spectral culicivora (Spider:4)
  9 meliai
  8 tyrant leeches
  2 bloated husks
  12 hornets
  A blink frog (shapeshifter) (Spider:2)
  24 tarantellas
  14 blink frogs
  3 spectral tarantellas (Spider:4)
  4 dream sheep (Lair:5)
  2 jumping spider zombies (Spider:4)
  25 slime creatures
  23 jumping spiders
  18 culicivoras
  17 spriggans
  Sigmund (D:3)
  2 wyverns
  A vampire (D:7)
  85 yaks
  2 unseen horror simulacra (D:9)
  A basilisk (Lair:2)
  7 vampire mosquitoes
  53 redbacks
  A steam dragon (D:9)
  2 death drake simulacra (Swamp:4)
  19 swamp worms
  2 acid dragons (D:7)
  6 water moccasins
  14 swamp drakes
  18 orc warriors
  11 ice beasts
  7 black bears (Lair:5)
  2 sky beasts
  25 ogres
  3 boggarts (Lair:5)
  26 wolves
  The ghost of Colgate the Magician, an amateur MeNe (D:4)
  2 centaurs
  2 phantoms
  2 kobold brigands
  17 bullfrogs
  A gnoll sergeant (D:8)
  5 scorpions
  3 wights
  11 killer bees
  4 howler monkeys (D:7)
  4 electric eels
  2 vampire bats (Lair:2)
  8 hounds
  6 jellies
  16 orc priests
  3 gnoll boudas
  4 iguanas
  4 sleepcaps
  18 orc wizards
  3 centaur simulacra
  17 gnolls
  13 adders
  2 shadow imps
  13 white imps
  2 howler monkey simulacra
  9 ufetubi
  2 worms
  2 dart slugs
  57 orcs
  8 ball pythons
  16 endoplasms
  8 giant cockroaches
  7 goblins
  10 hobgoblins
  7 jackals
  8 quokkas
  16 bats
  11 frilled lizards
  13 kobolds
  8 rats
1088 creatures vanquished.

Vanquished Creatures (others)
  An orc wizard (Orc:1)
  12 foxfires
  19 fulminant prisms
32 creatures vanquished.

Grand Total: 1120 creatures vanquished

Notes
Turn   | Place    | Note
-------+----------+-------------------------------------------
     0 | D:1      | Querens the Deep Elf Conjurer began the quest for the Orb.
     0 | D:1      | Reached XP level 1. HP: 10/10 MP: 6/6
   114 | D:1      | Reached XP level 2. HP: 11/15 MP: 1/8
   118 | D:1      | Learned a level 2 spell: Searing Ray
   401 | D:1      | Reached skill level 4 in Spellcasting
   503 | D:1      | Reached skill level 5 in Conjurations
   503 | D:1      | Reached XP level 3. HP: 19/19 MP: 7/10
   859 | D:2      | Reached XP level 4. HP: 24/24 MP: 1/12
   905 | D:2      | Found a faded altar of an unknown god.
   927 | D:2      | Reached skill level 5 in Spellcasting
  1246 | D:3      | Learned a level 4 spell: Iskenderun's Mystic Blast
  1251 | D:3      | Learned a level 3 spell: Mephitic Cloud
  1268 | D:3      | Found a sacrificial altar of Ru.
  1297 | D:3      | Found a hide-covered altar of Uskayaw.
  1368 | D:3      | Identified the +7 mace of Archaduse {freeze, rPois Str+3}
  1384 | D:3      | Found a bloodstained altar of Trog.
  1393 | D:3      | Reached XP level 5. HP: 28/28 MP: 11/14
  1414 | D:3      | Reached skill level 1 in Translocations
  1595 | D:3      | Found a glowing drain.
  1610 | Sewer    | Entered a sewer
  1700 | Sewer    | Reached skill level 6 in Spellcasting
  1739 | Sewer    | Reached XP level 6. HP: 32/32 MP: 10/17
  1755 | Sewer    | Found a viscous altar of Jiyva.
  1850 | D:3      | Noticed Sigmund
  1861 | D:3      | Killed Sigmund
  1876 | D:3      | Reached XP level 7. HP: 19/36 MP: 1/19
  2069 | D:4      | Reached skill level 7 in Spellcasting
  2098 | D:4      | Learned a level 4 spell: Fulminant Prism
  2434 | D:4      | Found a runed translucent door.
  2440 | D:4      | Noticed Colgate's ghost (amateur MeNe)
  2468 | D:4      | Killed Colgate's ghost
  2642 | D:5      | Entered Level 5 of the Dungeon
  2657 | D:5      | Reached skill level 8 in Spellcasting
  2658 | D:5      | Reached XP level 8. HP: 23/41 MP: 14/22
  2807 | D:5      | Found an ancient bone altar of Kikubaaqudgha.
  2844 | D:5      | Reached skill level 5 in Translocations
  3005 | D:5      | Found a glowing golden altar of the Shining One.
  3006 | D:5      | Found a glowing silver altar of Zin.
  3007 | D:5      | Found a white marble altar of Elyvilon.
  3244 | D:5      | Found Denayg's General Store.
  3250 | D:5      | Found Xyitzeg's Specific Store.
  3254 | D:5      | Bought a potion of enlightenment for 60 gold pieces
  3254 | D:5      | Bought a potion of curing for 36 gold pieces
  3254 | D:5      | Bought a scroll of teleportation for 36 gold pieces
  3282 | D:5      | Learned a level 8 spell: Lehudib's Crystal Spear
  3384 | D:6      | Found a radiant altar of Vehumet.
  3425 | D:6      | Became a worshipper of Vehumet
  3541 | D:6      | Reached skill level 1 in Earth Magic
  3549 | D:6      | Identified the +0 ring mail "Naqaen Luttu" {+Inv rElec
                  | Str+2 Dex-2}
  3582 | D:6      | Noticed a troll
  3591 | D:6      | Killed a troll
  3592 | D:6      | Reached skill level 9 in Spellcasting
  3648 | D:6      | Found the +18 Lear's hauberk
  3858 | D:6      | Noticed a kobold demonologist
  3862 | D:6      | Noticed a red devil
  3863 | D:6      | Killed a kobold demonologist
  3864 | D:6      | Reached XP level 9. HP: 39/45 MP: 10/24
  3873 | D:6      | Noticed a troll
  3873 | D:6      | Noticed a troll
  3878 | D:6      | Killed a troll
  3881 | D:6      | Killed a troll
  3882 | D:6      | Reached skill level 10 in Spellcasting
  3895 | D:6      | Got Sif Muna's Monograph on the Sphinx
  3902 | D:6      | Identified 3 scrolls of acquirement
  3903 | D:6      | Acquired the staff of conjuration "Hulloir" {Str+4}
  3904 | D:6      | Acquired 797 gold pieces
  3906 | D:6      | Acquired Sif Muna's Lessons on Transforming Pyromancy
  3914 | D:6      | Learned a level 5 spell: Fireball
  3972 | D:6      | Reached skill level 1 in Fire Magic
  3989 | D:6      | Reached * piety under Vehumet
  3989 | D:6      | Offered knowledge of Kiss of Death by Vehumet.
  4212 | D:5      | Bought the +8 lance "Wyrmbane" {slay drac, rPois rF+ rC+
                  | AC+3} for 969 gold pieces
  4212 | D:5      | Found the +8 lance "Wyrmbane" {slay drac, rPois rF+ rC+
                  | AC+3}
  4455 | D:7      | Noticed a white ugly thing
  4455 | D:7      | Noticed a cyclops
  4458 | D:7      | Noticed a manticore
  4568 | D:7      | Noticed a troll
  4580 | D:7      | Killed a troll
  4651 | D:7      | Found a stormy altar of Qazlal.
  4819 | D:7      | Found a staircase to the Ecumenical Temple.
  4822 | D:7      | Noticed a two-headed ogre
  4829 | D:7      | Reached XP level 10. HP: 50/50 MP: 18/26
  4834 | D:7      | Killed a two-headed ogre
  4835 | D:7      | Reached skill level 11 in Spellcasting
  4835 | D:7      | Reached skill level 10 in Conjurations
  4854 | D:7      | Noticed a boulder beetle
  4916 | D:7      | Killed a white ugly thing
  5156 | D:7      | Killed a cyclops
  5540 | D:8      | Identified the staff of poison "Hiloin" {rPois Will- Str+3
                  | Dex+5}
  5573 | D:8      | Found a shimmering altar of Xom.
  5577 | D:8      | Offered knowledge of Static Discharge by Vehumet.
  5621 | D:8      | Reached ** piety under Vehumet
  5622 | D:8      | Reached skill level 5 in Fire Magic
  5667 | D:8      | Found a runed translucent door.
  5785 | D:8      | Found a broken altar of Ashenzari.
  5789 | D:8      | Identified the +1 ring mail of Going Fast {rC+ Int+4}
  5888 | D:8      | Found a runed translucent door.
  5981 | D:8      | Noticed a tengu warrior
  5989 | D:8      | Noticed a centaur warrior
  5994 | D:8      | Reached skill level 12 in Spellcasting
  6000 | D:8      | Killed a tengu warrior
  6001 | D:8      | Killed a centaur warrior
  6002 | D:8      | Reached XP level 11. HP: 29/54 MP: 5/29
  6046 | D:8      | Offered knowledge of Hailstorm by Vehumet.
  6228 | D:9      | Reached *** piety under Vehumet
  6398 | D:9      | Found a staircase to the Orcish Mines.
  6465 | D:9      | Offered knowledge of Sticky Flame by Vehumet.
  6748 | D:9      | Reached **** piety under Vehumet
  6793 | D:9      | Reached skill level 13 in Spellcasting
  6807 | D:9      | Offered knowledge of Airstrike by Vehumet.
  6808 | D:9      | Reached skill level 10 in Translocations
  7051 | D:9      | Learned a level 9 spell: Fire Storm
  7068 | Orc:1    | Entered Level 1 of the Orcish Mines
  7294 | Orc:1    | Noticed an orc sorcerer
  7295 | Orc:1    | Noticed an orc knight
  7305 | Orc:1    | Paralysed by an orc sorcerer for 2 turns
  7307 | Orc:1    | Killed an orc sorcerer
  7349 | Orc:1    | Killed an orc knight
  7468 | Orc:1    | Reached ***** piety under Vehumet
  7585 | Orc:1    | Offered knowledge of Yara's Violent Unravelling by Vehumet.
  7657 | Orc:2    | Entered Level 2 of the Orcish Mines
  7674 | Orc:2    | Noticed an orc knight
  7677 | Orc:2    | Noticed an orc sorcerer
  7688 | Orc:2    | Reached skill level 14 in Spellcasting
  7688 | Orc:2    | Killed an orc knight
  7692 | Orc:2    | Killed an orc sorcerer
  7704 | Orc:2    | Reached XP level 12. HP: 59/59 MP: 26/32
  7757 | Orc:2    | Noticed a two-headed ogre
  7763 | Orc:2    | Killed a two-headed ogre
  7768 | Orc:2    | Noticed a two-headed ogre
  7779 | Orc:2    | Noticed an ogre mage
  7807 | Orc:2    | Killed an ogre mage
  7883 | Orc:2    | Killed a two-headed ogre
  7919 | Orc:2    | Noticed a two-headed ogre
  7933 | Orc:2    | Noticed a two-headed ogre
  7934 | Orc:2    | Killed a two-headed ogre
  7955 | Orc:2    | Killed a two-headed ogre
  7969 | Orc:2    | Noticed a two-headed ogre
  7970 | Orc:2    | Noticed an ogre mage
  7973 | Orc:2    | Paralysed by something for 5 turns
  7983 | Orc:2    | Paralysed by something for 2 turns
  8000 | Orc:2    | Noticed a two-headed ogre
  8016 | Orc:2    | Killed a two-headed ogre
  8017 | Orc:2    | Reached skill level 15 in Spellcasting
  8017 | Orc:2    | Noticed a two-headed ogre
  8036 | Orc:2    | Killed an ogre mage
  8236 | Orc:2    | Found a staircase to the Elven Halls.
  8307 | Orc:2    | Killed a two-headed ogre
  8308 | Orc:2    | Reached skill level 10 in Fire Magic
  8321 | Orc:2    | Noticed a two-headed ogre
  8335 | Orc:2    | Killed a two-headed ogre
  8357 | Orc:2    | Killed a two-headed ogre
  8711 | Orc:2    | Found Wuonamiu's General Store.
  8738 | Orc:2    | Found Wecocw's Armour Shop.
  8750 | Orc:2    | Reached skill level 16 in Spellcasting
  8758 | Orc:2    | Reached XP level 13. HP: 52/63 MP: 6/35
  8785 | Orc:2    | Found Zoxtie's Magic Scroll Boutique.
  8787 | Orc:2    | Found Gihaemif's Antique Weapon Shop.
  8848 | Orc:2    | Bought a scroll of butterflies for 60 gold pieces
  8848 | Orc:2    | Bought a scroll of fear for 60 gold pieces
  8853 | Orc:2    | Bought a scroll of immolation for 64 gold pieces
  8853 | Orc:2    | Bought a scroll of amnesia for 64 gold pieces
  8853 | Orc:2    | Bought a scroll of identify for 32 gold pieces
  8853 | Orc:2    | Bought a scroll of identify for 32 gold pieces
  8853 | Orc:2    | Bought a scroll of fog for 64 gold pieces
  8853 | Orc:2    | Bought a scroll of teleportation for 48 gold pieces
  8930 | D:10     | Entered Level 10 of the Dungeon
  8994 | D:10     | Offered knowledge of Freezing Cloud by Vehumet.
  9034 | D:10     | Noticed Urug
  9051 | D:10     | Killed Urug
  9259 | D:10     | Found a snail-covered altar of Cheibriados.
  9311 | D:10     | Found a hazy altar of Hepliaklqana.
  9326 | D:10     | Found a staircase to the Lair.
  9453 | Lair:1   | Entered Level 1 of the Lair of Beasts
  9707 | Lair:1   | Noticed Maggie
  9716 | Lair:1   | Killed Maggie
  9725 | Lair:1   | Acquired the amulet "Ybbyleg" {Reflect Rampage rElec rC-
                  | rCorr Int+2 SH+5}
  9726 | Lair:1   | Acquired the ring "Xiargh" {rN+ MP+9}
  9727 | Lair:1   | Acquired the scarf of Bohealud {repulsion, rF+ Stlth+}
  9791 | Lair:1   | You fall into a shaft and drop 1 floor!
  9837 | Lair:2   | Noticed Fannar
  9844 | Lair:2   | Killed Fannar
  9845 | Lair:2   | Reached skill level 17 in Spellcasting
  9862 | Lair:2   | Reached skill level 15 in Conjurations
 10212 | Lair:2   | Found a staircase to the Swamp.
 10269 | Lair:2   | Offered knowledge of Orb of Destruction by Vehumet.
 10389 | Lair:2   | Found a white marble altar of Elyvilon.
 10632 | Lair:3   | Noticed Amaemon
 10641 | Lair:3   | Killed Amaemon
 10729 | Lair:3   | Reached XP level 14. HP: 59/68 MP: 34/37
 10754 | Lair:3   | Found a hole to the Spider Nest.
 10775 | Lair:3   | Reached skill level 18 in Spellcasting
 10809 | Lair:3   | Identified the +4 ring mail of Grace {rF- Int+2 Dex+3
                  | Slay+2}
 11406 | Lair:4   | Found a staircase to the Slime Pits.
 11480 | Lair:5   | Entered Level 5 of the Lair of Beasts
 11780 | Lair:5   | Reached skill level 19 in Spellcasting
 11846 | Lair:5   | Learned a level 6 spell: Starburst
 12113 | Lair:5   | Reached ****** piety under Vehumet
 12113 | Lair:5   | Offered knowledge of Eringya's Noxious Bog by Vehumet.
 12166 | Lair:5   | Reached XP level 15. HP: 72/72 MP: 28/40
 12290 | Lair:5   | Paralysed by a hornet for 3 turns
 12478 | Spider:1 | Entered Level 1 of the Spider Nest
 12483 | Spider:1 | Noticed Mlioglotl
 12491 | Spider:1 | Killed Mlioglotl
 12497 | Spider:1 | Reached skill level 20 in Spellcasting
 12502 | Spider:1 | Offered knowledge of Plasma Beam by Vehumet.
 12503 | Spider:1 | Reached skill level 15 in Fire Magic
 12627 | Spider:1 | Learned a level 6 spell: Plasma Beam
 13093 | Spider:2 | Noticed an emperor scorpion
 13102 | Spider:2 | Killed an emperor scorpion
 14154 | Spider:3 | Noticed an emperor scorpion
 14160 | Spider:3 | Killed an emperor scorpion
 14202 | Spider:3 | Reached skill level 21 in Spellcasting
 14350 | Spider:3 | Offered knowledge of Arcjolt by Vehumet.
 14434 | Spider:3 | Reached XP level 16. HP: 68/76 MP: 27/43
 14436 | Spider:3 | Found a runed translucent door.
 14436 | Spider:3 | Found a shimmering altar of Xom.
 14436 | Spider:3 | Noticed Vyivi's ghost (adept MiBe)
 14823 | Spider:4 | Entered Level 4 of the Spider Nest
 14989 | Spider:4 | Noticed Mara
 15230 | Spider:4 | Noticed Querens's illusion
 15233 | Spider:3 | Noticed Querens's illusion
 15323 | Spider:3 | Noticed Querens's illusion
 15498 | Spider:3 | Noticed Querens's illusion
 15499 | Spider:3 | Killed Mara
 15807 | Spider:4 | Reached skill level 22 in Spellcasting
 15959 | Spider:4 | Offered knowledge of Ozocubu's Refrigeration by Vehumet.
 17069 | Spider:4 | Reached XP level 17. HP: 80/80 MP: 45/45
 17101 | Spider:4 | Identified the +2 pair of gloves "Sogaez" {Stlth+}
 17128 | Spider:4 | Got a gossamer rune of Zot
 17408 | Swamp:1  | Entered Level 1 of the Swamp
 17502 | Swamp:1  | Offered knowledge of Chain Lightning by Vehumet.
 17502 | Swamp:1  | Offered knowledge of Polar Vortex by Vehumet.
 17502 | Swamp:1  | Offered knowledge of Maxwell's Capacitive Coupling by
                  | Vehumet.
 17719 | Swamp:1  | Reached skill level 23 in Spellcasting
 17883 | Swamp:2  | Noticed a tentacled monstrosity
 17914 | Swamp:2  | Killed a tentacled monstrosity
 18734 | Swamp:4  | Entered Level 4 of the Swamp
 19131 | Swamp:4  | Found a runed translucent gate.
 19131 | Swamp:4  | Found a runed translucent gate.
 19131 | Swamp:4  | Found a runed translucent gate.
 19137 | Swamp:4  | Noticed Wiabeg's ghost (adept OpTm)
 19160 | Swamp:4  | Identified the +3 trident of the Wasp {heavy, rElec Str+3
                  | Stlth+}
 19208 | Swamp:4  | Killed Wiabeg's ghost
 19220 | Swamp:4  | Identified the ring of Tagenk {rC+ Will+ Int+3}
 19226 | Swamp:4  | Acquired 852 gold pieces
 19438 | Swamp:4  | Noticed the 27-headed Lernaean hydra
 19700 | Swamp:4  | Killed the 27-headed Lernaean hydra
 19729 | Swamp:4  | Reached skill level 24 in Spellcasting
 19842 | Swamp:4  | Got a decaying rune of Zot
 20123 | Slime:1  | Entered Level 1 of the Pits of Slime
 20223 | Slime:2  | Noticed an acid blob
 20229 | Slime:2  | Reached XP level 18. HP: 77/85 MP: 41/48
 20232 | Slime:2  | Gained mutation: You occasionally lose the ability to drink
                  | potions when taking damage. [a shining eye]
 20408 | Slime:1  | Gained mutation: You are frail. (-10% HP) [a shining eye]
 20429 | Slime:1  | Mangled by a rockslime

Illustrated notes

Levels and vault maps discovered:
D:1:      onia_arrival_mini_maze_b, layout_loops_ring
D:2:      layout_basic, chequers_ecumenical_altar_simple_redux,
          minmay_misc_feat_hallway
D:3:      cheibrodos_helix_gallery, layout_basic, mainiacjoe_overflow_alcove_2,
          mainiacjoe_overflow_cross_hatched, overflow_temple_1_default,
          portal_sewer_entry_f, minmay_diced_spiral, uniq_sigmund
D:4:      minmay_evil_eye, layout_loops_ring, ebering_ghost_sewer_d
D:5:      layout_cave_pods, dreamdust_divine_triumvirate, amcnicky_altar_gilded,
          serial_glass, glass_columns_a, glass_columns_b, glass_columns_b,
          glass_columns_c, nicolae_specific_store, grunt_decor_one_mirror,
          kennysheep_dice
D:6:      kennysheep_windowed_halls, layout_cave_pools, fiery_altar_vehumet,
          hellmonk_guarded_unrand_lears
D:7:      minmay_the_grid_four_pointed_star
          [minmay_the_grid_triangle_9x9_longest,
          minmay_the_grid_triangle_9x9_stretched_checkered,
          minmay_the_grid_triangle_9x9_impossible_snake,
          minmay_the_grid_triangle_9x9_odd_lines,
          minmay_the_grid_prize_four_corners], layout_cave_pods,
          nicolae_overflow_hidden_temple, minmay_temple_entry_drinking_statues
D:8:      cheibrodos_histonic, layout_rooms, mainiacjoe_overflow_24_doors,
          lemuel_coloured_pillars_altar
D:9:      layout_cave_pods, erik_orc_4, serial_ice, serial_ice_b, serial_ice_f,
          serial_ice_n, serial_ice_c, serial_ice_h, serial_ice_m, serial_ice_a,
          serial_ice_i
D:10:     layout_rooms, lemuel_tele_altar, nzn_hepliaklqana_mist_gate,
          hellmonk_lair_entry_icy, serial_ice, serial_ice_k, serial_ice_o,
          serial_ice_h, serial_ice_g, uniq_urug
Lair:1:   layout_cellular_growth, uniq_maggie
Lair:2:   layout_loops_ring, palyth_hydra_swamp_entry, basic_altar,
          roderic_batcave, serial_bayou_crossing, lemuel_fruit_tree, uniq_fannar
Lair:3:   layout_chaotic_city, nicolae_spider_entry_lesser_pyramids,
          uniq_amaemon
Lair:4:   layout_long_grid, slime_entry_1, grunt_megastairs_3
Lair:5:   minmay_lair_end_enchanted_forest, layout_regular_city,
          grunt_megastairs_4, serial_bayou_shore_b
Swamp:1:  layout_basic_swamp, evilmike_swamp_ruin_rubble_1, swamp_pool5
Swamp:2:  layout_basic_swamp, nicolae_swamp_well_well_well, swamp_pool5
Swamp:3:  layout_basic_swamp, serial_swamp_ruin, evilmike_swamp_ruin_house_1,
          evilmike_swamp_ruin_house_4, evilmike_swamp_ruin_house_3
Swamp:4:  swamp_old_school, layout_basic_swamp, gammafunk_ghost_necromancy,
          swamp_pool3
Spider:1: layout_spider_delve, spiders_nest_hornet_nest, uniq_mlioglotl
Spider:2: layout_spider_delve, hellmonk_deceptive_appearances
Spider:3: layout_spider_delve, ebering_ghost_xom
Spider:4: floodkiller_spider_rune_tomb, uniq_mara
Slime:1:  layout_caves
Slime:2:  layout_caves
Orc:1:    layout_diamond_mine, basic_altar
Orc:2:    st_orc_open, layout_diamond_mine

Skill      XL: |  1  2  3  4  5  6  7  8  9 10 11 12 13 14 15 16 17 |
---------------+----------------------------------------------------+-----
Spellcasting   | 4 5 6 8 9 10 12 14 16 17 19 21 22 24 | 24.3
Conjurations   | 5 6 7 8 9 11 12 14 15 16 18 19 20 | 20.9
Translocations | 2 3 4 6 7 9 10 | 10.0
Earth Magic    | 3 |  3.9
Fire Magic     | 3 6 8 10 12 14 16 17 19 | 19.2
Dodging        | |  2.4
Stealth        | |  2.4

Action                     |  1- 3 |  4- 6 |  7- 9 | 10-12 | 13-15 | 16-18 || total
---------------------------+-------+-------+-------+-------+-------+-------++-------
  Melee: Unarmed           |     2 |       |       |       |       |       ||     2
         Whip              |       |     8 |       |       |       |       ||     8
         Mace              |       |    26 |    44 |       |       |       ||    70
         Lance             |       |       |    15 |   329 |   333 |    49 ||   726
         Staff             |       |       |     5 |       |       |       ||     5
         Punch             |       |       |       |     7 |     4 |     1 ||    12
   Cast: Magic Dart        |    63 |    16 |     2 |       |     1 |       ||    82
         Searing Ray       |     5 |    22 |    42 |     5 |       |     1 ||    75
         Iskenderun's Myst |       |       |    24 |   153 |   293 |   128 ||   598
         Fulminant Prism   |       |       |     3 |    10 |     1 |     5 ||    19
         Mephitic Cloud    |       |       |     1 |    11 |     4 |     1 ||    17
         Fireball          |       |       |       |    11 |    70 |   236 ||   317
         Starburst         |       |       |       |       |    23 |    79 ||   102
         Plasma Beam       |       |       |       |       |       |    10 ||    10
         Fire Storm        |       |       |       |       |       |     1 ||     1
  Evoke: Wand              |       |       |    15 |    30 |     2 |     1 ||    48
    Use: Potion            |       |     2 |       |     2 |     5 |    13 ||    22
         Scroll            |       |       |    14 |    10 |    11 |    11 ||    46
   Stab: Sleeping          |       |     1 |     2 |     1 |     1 |     1 ||     6
         Paralysed         |       |       |     7 |    19 |       |       ||    26
         Distracted        |       |       |     1 |     2 |     1 |       ||     4
         Invisible         |       |       |       |     1 |       |       ||     1
 Armour: Robe              |     6 |     7 |    41 |    46 |       |       ||   100
         Troll leather arm |       |       |       |   113 |   311 |    34 ||   458
  Dodge: Dodged            |    21 |    51 |    82 |   175 |   298 |    47 ||   674
         Repelled          |       |       |       |       |       |     2 ||     2
  Block: Other             |       |       |       |       |       |     8 ||     8
         Reflection        |       |       |       |       |       |     2 ||     2

Table legend: (Time is in decaauts)
 A = Elapsed time spent in this place.
 B = Non-inter-level travel time spent in this place.
 C = Inter-level travel time spent in this place.
 D = Time resting spent in this place.
 E = Time spent auto-exploring this place.
 F = Levels seen in this place.
 G = Mean time per level.
                   A        B        C        D        E       F      G
               +--------+--------+--------+--------+--------+-----+--------+
         Total |  20864 |  18287 |   2577 |    481 |      0 |  28 |  745.1 |
       Dungeon |   7476 |   6854 |    622 |      9 |      0 |  10 |  747.6 |
          Lair |   3420 |   3031 |    389 |     31 |      0 |   5 |  684.0 |
         Swamp |   2862 |   2540 |    322 |     18 |      0 |   4 |  715.5 |
   Spider Nest |   4710 |   3643 |   1067 |    345 |      0 |   4 | 1177.5 |
    Slime Pits |    306 |    306 |      0 |      4 |      0 |   2 |  153.0 |
  Orcish Mines |   1862 |   1687 |    175 |     74 |      0 |   2 |  931.0 |
         Sewer |    225 |    225 |      0 |      0 |      0 |   1 |  225.0 |
               +--------+--------+--------+--------+--------+-----+--------+

Top non-repeatable levels by time:
Spider:3: 1805 daAuts
Spider:4: 1801 daAuts
 Swamp:4: 1265 daAuts
     D:7: 1206 daAuts
   Orc:2: 1021 daAuts
  Lair:5: 951 daAuts
     D:9: 926 daAuts
  Lair:2: 881 daAuts
     D:6: 846 daAuts
   Orc:1: 841 daAuts
     D:8: 771 daAuts
     D:5: 765 daAuts
  Lair:3: 743 daAuts
 Swamp:1: 622 daAuts
     D:4: 621 daAuts
